cohdb
Replays
Latest Replays
All Replays
Popular Replays
Top Player Replays
Match Explorer
How It Works
Community
CoH3 Stats
Reddit
Sign in to upload your games and track your stats! →
Sign in with Steam
Match 45439533
Unlisted
Match 45439533
Overview
Messages
Build Orders
End
Royal Engineer Section
Construct Section Command Post
Infantry Section
Selects Indian Artillery Battlegroup
Infantry Section
Selects War Cry
Construct Field Infirmary
Vickers Machine Gun Team
Euan
Skeng.Tecnica.International
0
0
Comments
sign in to comment!
No comments posted yet!